 Dungeon Crawl Stone Soup version 0.29-a0-468-ge57f7f99b4 (webtiles) character file.

Game seed: 10042503156394818584

128 dabmancer the Magician (level 5, 0/31 HPs)
             Began as an Octopode Hedge Wizard on May 21, 2022.
             Slain by a gnoll
             ... wielding a +0 club
             ... led by a gnoll shaman
              (4 damage)
             ... on level 4 of the Dungeon.
             The game lasted 00:15:33 (3624 turns).

dabmancer the Magician (Octopode Hedge Wizard)      Turns: 3624, Time: 00:15:33

Health: 0/31       AC:  1    Str:  7 (9)  XL:     5   Next: 11%
Magic:  9/11       EV: 13    Int: 16 (19) God:
Gold:   73         SH:  0    Dex: 10 (11) Spells: 6/12 levels left

rFire   . . .      SeeInvis .   q - staff of death
rCold   . . .      Faith    .   (no shield)
rNeg    + . .      Spirit   .   b - +0 hat
rPois   .          Reflect  .   (no amulet)
rElec   .          Harm     .   (no ring)
rCorr   .          Rampage  .   (no ring)
Will    .....                   (no ring)
Stlth   +++.......              (no ring)
HPRegen 0.10/turn               (no ring)
MPRegen 0.12/turn               (no ring)
                                (no ring)
                                (no ring)

@: no status effects
A: almost no armour, amphibious, 8 rings, camouflage 1, gelatinous body 1,
(nimble swimmer 1), tentacles
a: no special abilities


You were on level 4 of the Dungeon.
You visited 1 branch of the dungeon, and saw 6 of its levels.

You collected 73 gold pieces.

Inventory:

Hand Weapons
 a - a +0 dagger
Missiles
 l - 44 stones
 o - 2 curare-tipped darts
Armour
 b - a +0 hat (worn)
 f - a scarf of harm
Magical Staves
 q - a staff of death (weapon)
Scrolls
 d - a scroll of torment {unknown}
 e - 3 scrolls of teleportation {unknown}
 g - a scroll of summoning {unknown}
 h - a scroll of blinking {unknown}
 j - a scroll of noise {unknown}
 k - 2 scrolls of immolation {unknown}
 p - a scroll of fog {unknown}
Potions
 c - a potion of magic
 i - a potion of degeneration
 m - a potion of lignification {unknown}
 n - a potion of haste {unknown}


   Skills:
 + Level 2.2 Dodging
 + Level 3.1 Stealth
 + Level 4.3 Spellcasting
 + Level 2.5 Conjurations
 + Level 0.7 Hexes
 + Level 1.1 Summonings
 + Level 1.0 Translocations


You had 6 spell levels left.
You knew the following spells:

 Your Spells              Type           Power      Damage    Failure   Level
a - Magic Dart            Conj           44%        1d5       6%          1
b - Blink                 Tloc           12%        N/A       16%         2
c - Call Imp              Summ           7%         N/A       16%         2
d - Slow                  Hex            20%        N/A       12%         1

Your spell library contained the following spells:

 Spells                   Type           Power      Damage    Failure   Level
 Conjure Flame            Conj/Fire      7%         6-21      28%         3
 Mephitic Cloud           Conj/Pois/Air  6%         N/A       34%         3


Dungeon Overview and Level Annotations

Branches:
Dungeon (6/15)
 Temple: D:4-7

Altars:


Innate Abilities, Weirdness & Mutations

You cannot wear most types of armour.
You are amphibious.
You can wear up to eight rings at the same time.
Your skin changes colour to match your surroundings (Stealth+).
Your rubbery body absorbs attacks. (AC +1, EV +1)
((You are camouflaged when in or above water. (Stealth+)))
You have tentacles for arms and can constrict up to eight enemies at once.


Message History

The gnoll seems to speed up.
You feel stable enough to blink again.
Found a stone staircase leading up.
Your magical contamination has completely faded away.
The gnoll attacks as you move away! The gnoll closely misses you.
Found 8 gold pieces.
The gnoll hits you with a +0 club. The gnoll attacks as you move away!
The gnoll hits you but does no damage.
An orc wizard and an orc come into view.
The gnoll is no longer moving slowly.
The gnoll closely misses you.
The orc shouts!
The orc throws a boomerang.
The boomerang hits you.
There is a stone staircase leading up here.
The gnoll hits you with a +0 club.
You climb upwards.
You hear the sound of rushing water.
There is an entrance to a sewer on this level.
Hurry and find it before the portal rusts away!
Found an escape hatch in the ceiling.
There is a stone staircase leading down here.
The gnoll hits you with a +0 club.
Found a morningstar.
The gnoll misses you. The gnoll attacks as you move away!
The gnoll closely misses you. The gnoll barely misses you.
There is an escape hatch in the ceiling here.
The gnoll closely misses you. A mysterious force pulls you upwards.
The hatch slams shut behind you.
Found a war axe.
The gnoll attacks as you move away! The gnoll hits you with a +0 club.
* * * LOW HITPOINT WARNING * * *
The goblin shouts!
You hear a shout!
The adder hisses angrily.
You hear a shout! x4
The gnoll hits you with a +0 club.
* * * LOW HITPOINT WARNING * * *
The goblin misses you.
It was a potion of degeneration.
There was something very wrong with that liquid.
You feel weakened.
You feel dopey.
You feel clumsy. The gnoll hits you with a +0 club.
You die...

# #. ###.
..... #
##..#####.####
#)...g....S...
#....@g...#
#.#.####### #


You could see a gnoll (fast), an adder and a goblin.

Vanquished Creatures
  A gnoll (D:2)
  4 adders (D:2)
  A worm (D:2)
  3 dart slugs (D:2)
  3 bats
  4 endoplasms
  4 giant cockroaches
  4 goblins
  4 hobgoblins
  3 jackals (D:1)
  2 quokkas
  4 ball pythons
  4 frilled lizards
  6 kobolds
  3 rats (D:2)
50 creatures vanquished.

Vanquished Creatures (collateral kills)
  2 gnolls (D:2)
  A worm (D:2)
3 creatures vanquished.

Grand Total: 53 creatures vanquished

Notes
Turn   | Place    | Note
-------+----------+-------------------------------------------
     0 | D:1      | dabmancer the Octopode Hedge Wizard began the quest for the
                  | Orb.
     0 | D:1      | Reached XP level 1. HP: 11/11 MP: 4/4
    19 | D:1      | Found a faded altar of an unknown god.
   425 | D:1      | Reached XP level 2. HP: 17/17 MP: 0/6
  1288 | D:2      | Reached XP level 3. HP: 21/21 MP: 0/8
  1372 | D:2      | Learned a level 2 spell: Blink
  1375 | D:2      | Learned a level 2 spell: Call Imp
  1377 | D:2      | Learned a level 1 spell: Slow
  1514 | D:2      | Reached skill level 4 in Spellcasting
  1850 | D:2      | Reached XP level 4. HP: 27/27 MP: 8/10
  3120 | D:2      | Reached XP level 5. HP: 30/31 MP: 1/11
  3581 | D:3      | You fall into a shaft and drop 3 floors!
  3585 | D:6      | Noticed an ogre
  3596 | D:6      | Noticed a yak
  3596 | D:6      | Noticed a yak
  3597 | D:6      | Noticed a yak
  3598 | D:6      | Noticed a yak
  3615 | D:5      | Entered Level 5 of the Dungeon
  3624 | D:4      | Slain by a gnoll

Illustrated notes

Levels and vault maps discovered:
D:1:      amcnicky_arrival_wind_blow, layout_rooms,
          ebering_ecumenical_altar_rust
D:2:      layout_basic, minmay_indecisive_spiral
D:3:      layout_loops_corners, minmay_distorted, uniq_crazy_yiuf_cottage
D:4:      layout_loops_corners, uniq_natasha
D:5:      layout_basic, temple_hall, cheibrodos_sewer_entry_drain
D:6:      layout_cave_pools, uniq_sigmund

Skill      XL: |  1  2  3  4 |
---------------+-------------+-----
Spellcasting   | 4 |  4.3
Conjurations   | 2 |  2.5
Stealth        | 3 |  3.1
Dodging        | |  2.2
Hexes          | |  0.7
Summonings     | |  1.1
Translocations | |  1.0

Action                   |  1- 3 |  4- 6 || total
-------------------------+-------+-------++-------
Melee: Dagger            |    17 |     4 ||    21
       Constrict         |     6 |     1 ||     7
       Tentacles         |     3 |     1 ||     4
       Punch             |     1 |       ||     1
 Cast: Magic Dart        |    74 |    75 ||   149
       Call Imp          |     1 |    11 ||    12
       Slow              |     1 |     5 ||     6
       Blink             |       |     2 ||     2
  Use: Potion            |       |     1 ||     1
Armor: Skin              |       |     1 ||     1
Dodge: Dodged            |    21 |    24 ||    45

Table legend: (Time is in decaauts)
 A = Elapsed time spent in this place.
 B = Non-inter-level travel time spent in this place.
 C = Inter-level travel time spent in this place.
 D = Time resting spent in this place.
 E = Time spent auto-exploring this place.
 F = Levels seen in this place.
 G = Mean time per level.
                   A        B        C        D        E       F      G
               +--------+--------+--------+--------+--------+-----+--------+
         Total |   3626 |   3610 |     16 |   1160 |   1805 |   6 |  604.3 |
       Dungeon |   3626 |   3610 |     16 |   1160 |   1805 |   6 |  604.3 |
               +--------+--------+--------+--------+--------+-----+--------+

Top non-repeatable levels by time:
     D:2: 2058 daAuts
     D:1: 1260 daAuts
     D:3: 265 daAuts
     D:6: 33 daAuts
     D:5: 6 daAuts
     D:4: 1 daAuts
